 Dungeon Crawl Stone Soup version 0.21-a0-348-ga060c75 (webtiles) character file.

11 saturnerianis the Insei (level 2, -1/23 HPs)
             Began as a Gnoll Transmuter on Oct 6, 2017.
             Slain by a jackal (2 damage)
             ... on level 1 of the Dungeon.
             The game lasted 00:00:30 (333 turns).

saturnerianis the Insei (Gnoll Transmuter)           Turns: 333, Time: 00:00:31

Health: -1/23      AC:  2    Str: 12    XL:     2   Next: 25%
Magic:  6/7        EV: 14    Int: 15    God:
Gold:   10         SH:  0    Dex: 15    Spells: 9/10 levels left

rFire    . . .     SeeInvis .     - Unarmed
rCold    . . .     Gourm    .   (no shield)
rNeg     . . .     Faith    .   b - +0 robe
rPois    .         Spirit   .   (no helmet)
rElec    .         Reflect  .   (no cloak)
rCorr    .         Harm     .   (no gloves)
MR       .....                  (boots currently unavailable)
Stlth    ++........             (no amulet)
HPRegen  0.07/turn              (no ring)
MPRegen  0.10/turn              (no ring)

@: appendage (expiring)
A: distributed training, fangs 1, talons 3, strong nose
a: End Transformation


You were on level 1 of the Dungeon.
You were not hungry.
You had grown temporary talons.
You visited 1 branch of the dungeon, and saw 1 of its levels.

You collected 10 gold pieces.

Inventory:

Missiles
 a - 12 arrows
 f - 6 stones (quivered)
Armour
 b - a +0 robe (worn)
Scrolls
 g - a scroll of identify {unknown}
Potions
 e - a potion of lignification {unknown}
Books
 c - a book of Changes

   Spells                             Type                      Level
   a - Beastly Appendage              Transmutation                1
   b - Sticks to Snakes               Transmutation                2
   c - Spider Form                    Transmutation/Poison         3
   d - Ice Form                       Ice/Transmutation            4
   e - Blade Hands                    Transmutation                5
Comestibles
 d - a bread ration


   Skills:
 + Level 2.4 Fighting
 + Level 0.3 Short Blades
 + Level 0.3 Long Blades
 + Level 0.3 Axes
 + Level 0.3 Maces & Flails
 + Level 0.3 Polearms
 + Level 0.3 Staves
 + Level 0.3 Slings
 + Level 0.3 Bows
 + Level 0.3 Crossbows
 + Level 0.3 Throwing
 + Level 0.3 Armour
 + Level 4.4 Dodging
 + Level 0.3 Stealth
 + Level 0.3 Shields
 + Level 6.4 Unarmed Combat
 + Level 4.9 Spellcasting
 + Level 0.3 Conjurations
 + Level 0.3 Hexes
 + Level 0.3 Charms
 + Level 0.3 Summonings
 + Level 0.3 Necromancy
 + Level 0.3 Translocations
 + Level 4.4 Transmutations
 + Level 0.3 Fire Magic
 + Level 0.3 Ice Magic
 + Level 0.3 Air Magic
 + Level 0.3 Earth Magic
 + Level 0.3 Poison Magic
 + Level 0.3 Invocations
 + Level 0.3 Evocations


You had 9 spell levels left.
You knew the following spells:

 Your Spells              Type           Power        Failure   Level  Hunger
a - Beastly Appendage     Tmut           ###...       2%          1    None


Dungeon Overview and Level Annotations

Branches:
Dungeon (1/15)

Altars:


Innate Abilities, Weirdness & Mutations

Your experience applies equally to all skills.
You have very sharp teeth.
Your uncanny sense of smell can sniff out nearby items.
You have claws for feet.


Message History

The frilled lizard barely misses you. The jackal misses you.
The jackal completely misses you.
You hit the jackal. Your kick misses the jackal.
The jackal is severely wounded.
The jackal closely misses you.
The jackal bites you but does no damage.
The frilled lizard closely misses you.
The jackal bites you but does no damage.
A dart slug comes into view.
The jackal barely misses you. The jackal completely misses you.
The jackal bites you.
* * * LOW HITPOINT WARNING * * *
The jackal barely misses you.
You barely miss the jackal. You claw the jackal.
You kill the jackal!
The jackal closely misses you. The jackal barely misses you.
You punch the jackal!
You kill the jackal!
The jackal bites you.
You die...

..#
######.##........
#.# #..##........
#.###=.)..... ##
#.##.....>...
...###.##.g†......
#........lg......
###...l#J.##......
....#.#.h##.......
###....@.K........
.......####.......
......# ......
....w# ... . .....
.. .... . ... ...


You could see an ooze, a dart slug, a jackal, a hobgoblin, a goblin, a kobold
and 2 frilled lizards.

Vanquished Creatures
  A goblin (D:1)
  3 jackals (D:1)
  3 kobolds (D:1)
  2 bats (D:1)
  A frilled lizard (D:1)
10 creatures vanquished.

Notes
Turn   | Place    | Note
-------+----------+-------------------------------------------
     0 | D:1      | saturnerianis the Gnoll Transmuter began the quest for the Orb.
     0 | D:1      | Reached XP level 1. HP: 17/17 MP: 6/6
   312 | D:1      | Reached XP level 2. HP: 23/23 MP: 5/7
   331 | D:1      | HP: 1/23 [jackal (3)]
   333 | D:1      | Slain by a jackal

Vault maps used:
D:1:      dpeg_arrival_refuge

Action                   || total
-------------------------++-------
Melee: Unarmed           ||    30
       Kick              ||     4
       Bite              ||     2
       Headbutt          ||     1
 Cast: Beastly Appendage ||     9
Armor: Robe              ||    11
Dodge: Dodged            ||    53

Table legend:
 A = Spawn XP
 B = Non-spawn XP
 C = Spawn XP percentage of total XP
 D = Spawn monster count
 E = Non-spawn monster count
 F = Spawn count percentage of total count
 G = Total turns spent on level
                    A         B        C        D         E        F      G
               +---------+---------+-------+---------+---------+-------+---------
         Total |       0 |      16 |   0.0 |       0 |      10 |   0.0 |   333
               +---------+---------+-------+---------+---------+-------+---------
           D:1 |       0 |      16 |   0.0 |       0 |      10 |   0.0 |   333
               +---------+---------+-------+---------+---------+-------+---------
